groovejumper, chaotic female elven Wizard ----- ------ |/)(| |.....#######---------- #####------ |?![| |....| #|.........# -----####.....| |=??| |....| #|........|### #+...|# |)...| |...| |....| #+........-#### #0##|<..|# |.....# -|--- |...>.#######----.----- ### # #.....## |....|# #########|....| ####### ###############--.--# ------# #---.-- ######0#### ### # # ##### # ## # # ### ### ##### ## #########f# # -|------ ### # -@- # |......| ----------.-.-- # ?%q.. ##|......| |.............| # $.....| |......| |.............| # ......... |......| |.........^....#########|.........| -------- --------------- |.......(. ----------- groovejumper the Thaumaturge Experience level: 6 Strength: 8 Dexterity: 18 Constitution: 16 Intelligence: 17 Wisdom: 10 Charisma: 10 Health: 0(51) Energy: 52(62) AC: 8 Gold: 676 Moves: 3321 Your Inventory: Coins $ - 676 gold pieces Weapons a - an [uncursed] rustproof [+0] athame named Magicbane [Magicbane] (weapon in hand) E - a blessed +1 quarterstaff Armor r - an uncursed +0 leather jacket (being worn) F - an uncursed +0 cloak of magic resistance (being worn) Scrolls i - a blessed scroll of light j - an uncursed scroll of genocide k - an uncursed scroll of remove curse p - a blessed scroll of flood w - an uncursed scroll labeled XIXAXA XOXAXA XUXAXA [of teleportation] H - an [uncursed] scroll labeled GHOTI [of scare monster] K - an [uncursed] scroll labeled GNIK SISI VLE [of enchant weapon] Spellbooks l - a blessed spellbook of force bolt m - an uncursed spellbook of remove curse I - an [uncursed] spellbook of detect food Potions f - an uncursed potion of see invisible g - an uncursed potion of invisibility h - a blessed potion of levitation L - a [blessed] black potion [of extra healing] M - an [uncursed] potion of levitation Rings d - an uncursed ring of teleport control e - an uncursed ring of polymorph control u - a blessed +1 ring of gain wisdom G - an uncursed ring of poison resistance Wands c - an uncursed wand of digging (0:8) J - an [uncursed] ceramic wand [of probing (0:8)] Tools n - an uncursed magic marker (0:52) o - an uncursed wooden harp x - an [uncursed tin] whistle B - an [uncursed] blindfold Spells known in the end: Name Level Category Fail Memory a - force bolt 1 attack 0% [|||||||.] b - remove curse 3 clerical 85% [|||||||.] c - detect food 2 divination 51% [||||||||] Your skills at the end: Fighting Skills Weapon Skills quarterstaff [Basic / Expert] Spellcasting Skills attack spells [Basic / Expert] enchantment spells [Basic / Skilled] Final Attributes: You were piously aligned. Hunger level was 797. Your alignment was 26 / 26. Monster difficulty range was 0 - 5. Level difficulty was 5. You were immune to sleep. You were magic-protected. You saw invisible. You were telepathic. You had infravision. Your luck was zero. You are dead. Vanquished creatures: a leprechaun a dingo a fog cloud a yellow light 2 gnome lords a gray ooze 2 giant ants a floating eye a kitten 2 rothes a giant bat 2 dwarf zombies an iguana an acid blob a gas spore a hobbit a hobgoblin 3 giant rats a yellow mold 2 garter snakes 4 geckos 5 jackals a goblin 4 sewer rats 3 grid bugs 3 lichens 5 newts 52 creatures vanquished. Voluntary challenges: You used a wielded weapon 45 times. You read items or engraved 2 times. You put on armor 5 times. You never genocided any monsters. You never polymorphed an object. You never changed form. You used no wishes. You never wrote Elbereth's name. You never encountered a bones level. You never used any Sokoban shortcuts. Dungeon overview: The Dungeons of Doom: levels 1 to 5 Level 1 many fountains a long staircase Level 2 a potion shop, an altar to Anhur, a sink Level 3 a general store, a sink a long staircase Level 4 a general store, a fountain Level 5 <- You were here a general store History has recorded: On T:1 you entered the Dungeons of Doom to retrieve the Amulet of Yendor! On T:496 you reached level 2 of The Dungeons of Doom. On T:717 you advanced to experience level 2. On T:792 you reached level 3 of The Dungeons of Doom. On T:833 you advanced to experience level 3. On T:1223 you advanced to experience level 4. On T:1970 you received Magicbane from Anhur. On T:2030 you advanced to experience level 5. On T:2475 you reached level 4 of The Dungeons of Doom. On T:2580 you advanced to experience level 6. On T:2924 you reached level 5 of The Dungeons of Doom. Latest messages: The rothe bites! The rothe misses. [HP-15=36] The magic-absorbing blade stuns the rothe! The rothe hits! The rothe bites! (2x) The rothe hits! The rothe bites! (2x) [HP-19=17] The spell hits the rothe! You kill the rothe! The kitten bites! (2x) [HP-9=8] The spell misses the rothe. The kitten bites! The rothe hits! The rothe bites! You die... Final status: Goodbye groovejumper the Wizard... You died in The Dungeons of Doom on dungeon level 5 with 2731 points, and 676 pieces of gold, after 3321 moves. You were level 6 with a maximum of 51 hit points when you died.